 Dungeon Crawl Stone Soup version 0.20.1-1-g8b1a95d (webtiles) character file.

19 Mesmaeker13 the Skirmisher (level 2, 0/19 HPs)
             Began as a Gargoyle Chaos Knight on Dec 14, 2017.
             Slain by an adder (1 damage)
             ... on level 1 of the Dungeon.
             The game lasted 00:01:14 (1056 turns).

Mesmaeker13 the Skirmisher (Gargoyle Chaos Knight)  Turns: 1056, Time: 00:01:15

Health: 0/19       AC:  8    Str: 20      XL:     2   Next: 75%
Magic:  2/2        EV: 11    Int: 12      God:    Xom [..*...]
Gold:   74         SH:  0    Dex:  8 (9)  Spells: 1/1 levels left

rFire    . . .     SeeInvis .   a - +0 mace (chaos)
rCold    . . .     Gourm    .   (no shield)
rNeg     + . .     Faith    .   b - +2 leather armour
rPois    ∞         Spirit   .   (no helmet)
rElec    +         Reflect  .   (no cloak)
rCorr    .         Harm     .   (no gloves)
MR       .....                  (no boots)
Stlth    +.........             (no amulet)
Regen    0.1/turn               (no ring)
MPRegen  0.1/turn               (no ring)

@: mighty
A: negative energy resistance 1, electricity resistance, unbreathing,
petrification resistance, rot immunity, AC +2
a: Renounce Religion


You were on level 1 of the Dungeon.
You worshipped Xom.
You were a toy of Xom.
You were not hungry.

You visited 1 branch of the dungeon, and saw 2 of its levels.

You collected 74 gold pieces.

Inventory:

Hand Weapons
 a - a +0 mace of chaos (weapon)
Missiles
 k - a throwing net (quivered)
Armour
 b - a +2 leather armour (worn)
Scrolls
 d - a scroll of teleportation {unknown}
 i - 2 scrolls of enchant armour {unknown}
 j - a scroll of immolation {unknown}
 l - a scroll of identify {unknown}
Books
 m - a book of Maledictions

   Spells                             Type                      Level
   a - Corona                         Hexes                        1
   b - Ensorcelled Hibernation        Hexes/Ice                    2
   c - Confuse                        Hexes                        3
   d - Tukima's Dance                 Hexes                        3
   e - Dazzling Spray                 Conjuration/Hexes            3
Comestibles
 c - a bread ration
 g - a meat ration
 h - a royal jelly


   Skills:
 + Level 3.5 Fighting
 + Level 3.2 Maces & Flails
 + Level 2.5 Armour
 + Level 1.2 Dodging


You had one spell level left.
You didn't know any spells.

Dungeon Overview and Level Annotations

Branches:
Dungeon (2/15)

Altars:


Innate Abilities, Weirdness & Mutations

You are resistant to torment.
Your stone body is resilient. (AC +2)
You are immune to poison.
You resist negative energy. (rN+)
You are resistant to electric shocks. (rElec)
You can survive without breathing.
You are immune to petrification.
You are immune to rotting.


Message History

The rat is moderately wounded.
The rat bites you.
You barely miss the rat.
The rat is moderately wounded.
The rat closely misses you. The rat bites you but does no damage.
You barely miss the rat. The rat closely misses you.
You thump the rat!
You kill the rat!
Something bites you but does no damage.
You barely miss something. Something bites you.
* * * LOW HITPOINT WARNING * * *
Something bites you.
* * * LOW HITPOINT WARNING * * *
Unknown command.
It was a potion of might.
You feel very mighty all of a sudden.
Xom thinks this is hilarious!
Something bites you.
You die... "Boring in life, boring in death..."

..........######.#.#.#.####.#.#..
..........#............# #.#.#.#
#.......#..............# #.#.#..
#.......#..............# #.#.#.#
#.......#......#.#...#.# #.#....
#.......#......#.#.#.#.# #.###.#
#.......#......#.#.#.#.# #.# #.#
#.......#......#.#.#.#.# #.###.#
#####...#......#@#...#.# ##...#.#
###...#.....)#†#####.# #....#.#
###.....#......#.....#.###.####.#
........#####.....>..#..........#
.##...###............#.........##
.....................#.#######.#
......###....##....#.#.#.....#.#
..............+....#.#.#.###.#.##
...##.#.#######....#.#.#.#.......


There were no monsters in sight!

Vanquished Creatures
  A gnoll (D:1)
  A leopard gecko (D:1)
  3 bats (D:1)
  A hobgoblin (D:1)
  A frilled lizard (D:1)
  2 rats (D:1)
9 creatures vanquished.

Vanquished Creatures (others)
  A gnoll (D:1)
1 creature vanquished.

Grand Total: 10 creatures vanquished

Notes
Turn   | Place    | Note
-------+----------+-------------------------------------------
     0 | D:1      | Mesmaeker13 the Gargoyle Chaos Knight began the quest for the Orb.
     0 | D:1      | Reached XP level 1. HP: 14/14 MP: 1/1
   484 | D:1      | Reached skill level 1 in Dodging
   487 | D:1      | XOM: divine lightning
   561 | D:1      | Reached XP level 2. HP: 19/19 MP: 2/2
   638 | D:1      | XOM: god gift: paperback book {god gift}
   650 | D:1      | XOM: stat loss: -1 Dex (8/9)
   694 | D:1      | XOM: god gift: 59 gold pieces
   937 | D:1      | XOM: cloud trail
  1008 | D:1      | XOM: harmless Necr miscast
  1056 | D:1      | Slain by an adder

Skill      XL: |  1 |
---------------+----+-----
Dodging        | 1 |  1.2
Fighting       | |  3.5
Maces & Flails | |  3.2
Armour         | |  2.5

Action                   || total
-------------------------++-------
Melee: Mace              ||    39
  Use: Potion            ||     1
Armor: Leather armour    ||    25
Dodge: Dodged            ||    27
